Map: [ESL] Post-Youth

Players

Wayne

  • Race: Zerg Zerg
  • Spawn Location: 1:00

BattleB - Winner!

  • Race: Terran Terran
  • Spawn Location: 7:00

Event: ESL SC2 Masters 2024 Spring (Regional)

VOD

Have the link to the VOD?

Description

Time

  • Played on: April 10, 2024, 11:47 a.m.
  • Length: 32:02

All games in this series

Show
View Real Time Build Order
Export as new Build Order

Wayne Zerg 

Build Orders: Hatch First, Lurkers, Roach Hydra 

Get SALT Encoding   

  12  0:00  Drone  
  13  0:12  Overlord  
  13  0:17  Drone  
  14  0:30  Drone  
  14  0:31  Drone  
  16  0:49  Hatchery  
  15  0:52  Drone  
  15  0:56  Drone  
  17  1:00  Drone  
  18  1:11  Extractor  
  18  1:15  Spawning Pool  
  16  1:18  Drone  
  16  1:21  Drone  
  18  1:29  Drone  
  19  1:40  Drone  
  20  1:51  Drone  
  21  2:01  Queen x2  
  21  2:03  Zergling x4  
  27  2:18  Hatchery  
  26  2:25  Overlord  
  26  2:27  Drone  
  26  2:29  Drone  
  28  2:33  Metabolic Boost  
  28  2:44  Drone  
  28  2:45  Queen  
  28  2:47  Drone  
  28  2:50  Overlord  
  32  2:53  Drone  
  32  2:55  Drone  
  32  2:57  Drone  
  35  2:59  Drone  
  36  3:10  Drone x3  
  39  3:14  Drone  
  39  3:18  Overlord  
  40  3:20  Queen  
  40  3:23  Drone x2  
  44  3:31  Queen  
  44  3:33  Drone x2  
  48  3:36  Drone  
  48  3:40  Roach Warren  
  48  3:41  Drone, Extractor  
  48  3:43  Drone  
  48  3:47  Drone  
  50  3:49  Drone x2  
  50  3:51  Overlord  
  53  3:55  Drone x2  
  54  4:03  Drone x4  
  54  4:09  Queen  
  60  4:10  Lair  
  60  4:15  Overlord  
  60  4:17  Drone x3  
  60  4:21  Zergling x4  
  65  4:25  Zergling x2  
  65  4:29  Overlord  
  66  4:32  Overlord  
  66  4:35  Drone x2  
  66  4:37  Drone x3  
  72  4:38  Extractor, Drone x2  
  72  4:44  Overlord, Drone x2  
  74  4:48  Spore Crawler  
  74  4:49  Spore Crawler  
  74  4:51  Spore Crawler  
  74  4:52  Drone  
  72  4:53  Extractor  
  72  4:54  Zergling x8  
  75  5:00  Drone x3  
  78  5:08  Drone x2  
  78  5:10  Overseer  
  78  5:12  Glial Reconstitution, Hatchery  
  78  5:13  Drone  
  78  5:14  Drone x2  
  82  5:19  Evolution Chamber x2, Drone  
  82  5:20  Drone  
  82  5:23  Drone, Extractor  
  82  5:24  Extractor, Drone  
  82  5:28  Drone x4  
  86  5:31  Drone  
  87  5:36  Roach x4  
  87  5:41  Drone  
  96  5:42  Infestation Pit  
  96  5:44  Overlord  
  96  5:47  Drone  
  96  5:49  Zerg Ground Armor Level 1  
  94  5:50  Zerg Missile Weapons Level 1  
  94  5:54  Overlord  
  93  5:57  Drone x2  
  93  6:01  Roach  
  93  6:04  Roach x2, Overlord  
  101  6:11  Drone x2  
  103  6:13  Roach x4  
  103  6:15  Extractor  
  109  6:19  Hive  
  109  6:22  Hydralisk Den  
  109  6:25  Drone x3  
  111  6:29  Spore Crawler  
  111  6:32  Spore Crawler, Drone x2  
  111  6:38  Drone  
  110  6:40  Roach x5  
  110  6:45  Overlord  
  120  6:48  Drone  
  120  6:49  Overlord, Drone x3  
  120  6:50  Ravager x2  
  126  6:56  Lurker Den  
  125  7:01  Overlord  
  125  7:02  Overlord x2  
  125  7:05  Drone x2  
  127  7:09  Spore Crawler x2  
  127  7:13  Drone  
  126  7:17  Roach x4  
  126  7:21  Hatchery  
  133  7:26  Overlord  
  131  7:30  Overlord  
  131  7:33  Hydralisk x5  
  131  7:35  Grooved Spines  
  141  7:40  Overlord  
  141  7:45  Zerg Missile Weapons Level 2, Zerg Ground Armor Level 2  
  141  7:46  Viper  
  141  7:47  Viper  
  141  7:51  Roach x5  
  157  7:53  Viper  
  160  8:01  Roach x6  
  166  8:11  Seismic Spines  
  157  8:13  Lurker, Drone x3  
  157  8:15  Zergling x12  
  167  8:20  Hydralisk  
  167  8:25  Lurker x2  
  169  8:31  Extractor  
  169  8:32  Extractor  
  167  8:36  Lurker x2  
  167  8:37  Drone x2  
  167  8:38  Spore Crawler, Drone  
  171  8:41  Spine Crawler  
  171  8:42  Spore Crawler  
  171  8:46  Hydralisk x7  
  169  8:56  Hydralisk  
  169  8:57  Hydralisk x3  
  177  9:06  Muscular Augments  
  177  9:16  Lurker x3  
  169  9:17  Zergling x2  
  169  9:18  Zergling x10  
  175  9:24  Overlord  
  175  9:25  Hydralisk x6  
  175  9:28  Overseer  
  186  9:31  Drone x2  
  188  9:39  Lurker x2  
  188  9:40  Adaptive Talons  
  188  9:42  Hatchery  
  188  9:43  Zergling x14  
  188  9:45  Spine Crawler  
  168  10:00  Hydralisk  
  168  10:01  Hydralisk x9  
  168  10:04  Lurker  
  177  10:09  Zergling x14  
  184  10:15  Zerg Melee Weapons Level 1  
  184  10:17  Overlord  
  184  10:18  Drone x6  
  190  10:26  Overlord  
  190  10:31  Zerg Missile Weapons Level 3, Adrenal Glands  
  190  10:33  Drone x2  
  190  10:34  Baneling Nest, Drone  
  192  10:37  Overseer  
  192  10:39  Nydus Network  
  191  10:49  Pneumatized Carapace  
  191  10:51  Hydralisk x4  
  191  10:55  Drone  
  200  10:58  Spine Crawler  
  200  11:00  Spore Crawler  
  200  11:02  Drone x2  
  200  11:09  Burrow  
  200  11:17  Centrifugal Hooks  
  200  11:24  Overseer  
  199  11:30  Hatchery  
  194  11:34  Drone  
  194  11:35  Drone x3  
  194  11:39  Drone x5  
  193  11:47  Drone x8  
  200  12:20  Overlord  
  200  12:25  Overseer  
  200  12:27  Infestor  
  200  12:29  Overseer  
  199  12:30  Hatchery  
  186  12:44  Infestor  
  185  12:54  Nydus Canal  
  185  12:55  Lurker  
  185  12:56  Zergling x12, Lurker x4  
  185  12:57  Zergling x6  
  190  13:08  Zerg Ground Armor Level 3, Spire  
  190  13:09  Spire  
  190  13:10  Drone x9  
  197  13:15  Overseer  
  197  13:16  Extractor x2  
  195  13:20  Overseer  
  195  13:22  Zerg Melee Weapons Level 2  
  195  13:30  Zergling x2  
  195  13:31  Zergling x8  
  200  13:34  Overseer x3  
  174  13:50  Drone x2  
  174  13:51  Drone  
  174  13:54  Nydus Canal  
  177  13:57  Lurker  
  177  13:58  Zergling x2, Lurker  
  177  13:59  Zergling x32  
  177  14:02  Extractor  
  195  14:05  Extractor  
  194  14:12  Infestor  
  194  14:23  Greater Spire, Zerg Flyer Weapons Level 1  
  194  14:26  Extractor  
  194  14:28  Extractor  
  192  14:38  Baneling x16  
  191  14:40  Nydus Canal  
  191  14:41  Infestor  
  175  14:53  Zergling x8  
  175  14:54  Zergling x18  
  188  15:11  Infestor  
  188  15:12  Overseer x3  
  186  15:27  Overseer  
  165  15:52  Corruptor  
  165  15:53  Corruptor x11  
  189  15:59  Zerg Flyer Armor Level 1  
  189  16:04  Infestor  
  189  16:05  Corruptor x3  
  197  16:34  Overseer  
  197  16:38  Hatchery  
  196  16:40  Zerg Flyer Weapons Level 2  
  196  17:04  Overseer  
  196  17:06  Zerg Melee Weapons Level 3  
  196  17:08  Corruptor x2  
  196  17:14  Spore Crawler  
  196  17:15  Spore Crawler  
  198  17:16  Spore Crawler x2  
  198  17:20  Drone x3  
  198  17:21  Drone  
  198  17:43  Drone x3  
  189  18:11  Zerg Flyer Armor Level 2  
  189  18:15  Zergling x8  
  192  19:09  Infestor  
  192  19:16  Brood Lord  
  200  19:17  Brood Lord x3, Hatchery  
  200  19:18  Overseer  
  200  19:21  Overseer  
  200  19:23  Neural Parasite  
  199  19:25  Zerg Flyer Weapons Level 3  
  189  20:07  Brood Lord x5  
  197  20:24  Infestor x3  
  188  20:39  Drone x2  
  190  20:47  Brood Lord x4  
  198  20:50  Extractor  
  198  20:51  Extractor  
  196  21:02  Overseer x5  
  193  21:05  Corruptor x5  
  193  21:15  Corruptor x5  
  198  21:19  Overlord x4  
  196  21:27  Overseer x2, Overlord x2  
  196  21:30  Zerg Flyer Armor Level 3  
  196  21:39  Overseer x2  
  196  21:45  Corruptor x2  
  170  21:47  Zergling x18  
  170  21:48  Queen x2  
  170  21:53  Hydralisk x8  
  170  21:54  Zergling x28  
  179  21:57  Zergling x2  
  179  21:58  Zergling x30, Queen x2  
  198  22:19  Overlord  
  198  22:27  Overlord  
  188  22:31  Zergling x16  
  188  22:32  Overseer  
  147  22:45  Zergling x28  
  147  22:46  Zergling x14  
  160  22:58  Baneling x7  
  160  22:59  Baneling  
  160  23:01  Hydralisk x9  
  167  23:07  Overseer  
  167  23:08  Baneling  
  167  23:09  Baneling x10  
  167  23:10  Zergling x14  
  168  23:19  Zergling x16  
  176  23:20  Hatchery  
  175  23:30  Infestor x2  
  175  23:31  Infestor x2  
  180  23:38  Brood Lord x5  
  180  23:39  Overseer  
  188  23:41  Corruptor  
  188  23:42  Corruptor x4  
  198  23:55  Corruptor x2  
  181  23:57  Viper  
  188  24:13  Brood Lord x5  
  188  24:16  Overseer  
  198  24:20  Corruptor  
  185  24:38  Zergling x2  
  185  24:39  Zergling x26  
  199  24:54  Overlord  
  198  25:09  Corruptor  
  198  25:13  Overseer  
  200  25:22  Overseer  
  200  25:41  Spore Crawler x2  
  200  25:42  Spore Crawler x3  
  195  25:43  Spore Crawler  
  195  25:49  Corruptor x3  
  200  25:51  Spore Crawler  
  200  25:52  Spore Crawler  
  200  25:53  Spore Crawler x2  
  178  26:16  Corruptor x5  
  189  26:18  Corruptor x2, Brood Lord  
  189  26:19  Corruptor x3  
  195  27:04  Viper  
  167  27:48  Corruptor x8  
  177  27:55  Viper x2  
  177  27:56  Corruptor x4  
  177  27:57  Infestor  
  187  28:00  Brood Lord  
  187  28:01  Corruptor x5  
  196  28:18  Viper  
  196  28:19  Corruptor  
  199  28:34  Overseer x3  
  191  28:59  Brood Lord x2  
  195  29:14  Corruptor x2  
  145  29:40  Overlord  
  102  29:46  Corruptor  
  102  29:47  Corruptor x10  
  116  29:54  Viper  
  116  29:56  Overlord  
  115  30:00  Corruptor x6  
  115  30:01  Corruptor  
  115  30:02  Overseer, Brood Lord x4  
  115  30:03  Corruptor x8  
  153  30:08  Overseer  
  153  30:12  Overlord x2  
  153  30:20  Infestor x3  
  159  30:28  Brood Lord x4  
  167  30:29  Corruptor x9  
  187  30:37  Corruptor x5  
  199  30:50  Zergling x2  
  182  31:05  Infestor  
  174  31:14  Corruptor  
  174  31:15  Corruptor x5  
  186  31:19  Overseer  
  186  31:22  Drone x15  
  186  31:28  Zergling x16, Overlord  
  186  31:29  Overlord  
  186  31:32  Overlord  
  194  31:37  Hatchery  
Show
View Real Time Build Order
Export as new Build Order

BattleB Terran - Winner!

Build Orders: Reaper Expand, Hellion Banshee 

Get SALT Encoding   

  12  0:00  SCV  
  13  0:12  SCV  
  14  0:17  Supply Depot  
  14  0:24  SCV  
  15  0:39  SCV  
  15  0:41  Barracks  
  16  0:45  Refinery  
  16  0:51  SCV  
  17  1:03  SCV  
  18  1:16  SCV  
  19  1:27  Reaper  
  19  1:28  Orbital Command  
  20  1:42  Command Center  
  20  1:49  Supply Depot  
  20  1:54  SCV  
  20  2:00  Marine  
  22  2:11  SCV  
  22  2:12  Factory  
  23  2:22  Barracks Reactor  
  23  2:27  SCV  
  24  2:41  Command Center  
  24  2:43  SCV  
  25  2:54  Orbital Command  
  25  2:55  SCV  
  26  3:02  Starport  
  26  3:07  SCV  
  26  3:10  Refinery  
  27  3:17  Hellion  
  27  3:18  Hellion  
  31  3:21  SCV x2  
  31  3:24  Barracks Tech Lab  
  33  3:33  SCV x2  
  35  3:39  Hellion  
  35  3:40  Hellion  
  39  3:45  SCV x2  
  39  3:46  Banshee  
  44  3:54  Marine  
  45  3:56  Orbital Command  
  45  3:57  SCV x2  
  45  3:58  Cloaking Field  
  47  4:03  Hellion  
  47  4:05  Hellion  
  51  4:10  Supply Depot  
  51  4:11  SCV x2  
  51  4:15  Barracks Tech Lab  
  53  4:23  SCV x3  
  56  4:29  Banshee  
  59  4:35  SCV  
  59  4:36  Barracks  
  59  4:37  SCV, Barracks  
  61  4:39  Stimpack, Marine  
  61  4:43  Orbital Command  
  62  4:47  Refinery x2  
  62  4:49  Engineering Bay, Factory Reactor  
  62  4:50  SCV  
  62  4:51  SCV  
  64  4:55  Engineering Bay  
  64  4:57  Marine  
  65  5:00  Supply Depot  
  65  5:03  SCV x2  
  67  5:10  SCV  
  67  5:12  Barracks x2  
  68  5:14  Marine  
  68  5:18  Supply Depot  
  69  5:22  SCV x2  
  69  5:24  Marine x2  
  69  5:27  SCV  
  69  5:28  Terran Infantry Weapons Level 1  
  74  5:31  Terran Infantry Armor Level 1  
  74  5:32  Starport Reactor  
  74  5:33  Marine  
  74  5:34  SCV  
  76  5:38  SCV  
  76  5:40  SCV  
  76  5:41  Supply Depot  
  76  5:42  Marine x3  
  81  5:47  SCV  
  81  5:48  Siege Tank, Supply Depot  
  85  6:02  Marine x5  
  85  6:03  SCV x3, Barracks Tech Lab, Barracks Reactor  
  93  6:05  Supply Depot  
  93  6:10  Medivac x2, Supply Depot  
  97  6:15  SCV x2  
  97  6:17  SCV  
  100  6:18  Armory  
  100  6:24  Marine  
  101  6:27  Siege Tank, Marauder x2, Marine  
  101  6:32  SCV x2, Marine x2  
  113  6:37  Refinery  
  113  6:39  Supply Depot, Refinery  
  113  6:40  SCV  
  113  6:43  Medivac  
  113  6:44  SCV  
  113  6:45  Bunker  
  117  6:54  Supply Depot  
  117  6:59  Supply Depot  
  117  7:01  Medivac, Marauder x2, Marine x2  
  125  7:13  Terran Vehicle Weapons Level 1  
  125  7:15  SCV x2, Siege Tank, Marine x3  
  133  7:21  SCV, Marine x3  
  137  7:27  SCV  
  137  7:28  Marauder, Marine  
  139  7:30  Command Center  
  139  7:32  Terran Infantry Weapons Level 2, Terran Infantry Armor Level 2  
  139  7:33  SCV, Supply Depot  
  140  7:39  Marine  
  141  7:51  Supply Depot, Combat Shield  
  141  7:52  Supply Depot  
  141  7:54  Marine x6  
  141  7:55  Supply Depot, Marauder  
  149  7:59  Marine  
  149  8:00  Medivac  
  149  8:08  Medivac, Factory  
  149  8:11  Supply Depot  
  149  8:12  Ghost Academy, Marine x4  
  149  8:13  Siege Tank  
  149  8:14  Marine x2  
  149  8:16  Marine  
  149  8:19  SCV  
  160  8:20  SCV x2  
  160  8:23  Marine  
  160  8:24  Supply Depot  
  163  8:31  Sensor Tower  
  163  8:32  SCV x3  
  166  8:41  Refinery  
  166  8:44  SCV  
  166  8:45  Refinery  
  166  8:47  Marine  
  165  8:50  Siege Tank  
  165  8:54  Factory Tech Lab  
  162  8:56  SCV x2  
  162  8:57  SCV  
  162  9:01  Viking x2  
  167  9:03  Missile Turret  
  167  9:05  Ghost x2, Missile Turret  
  166  9:13  Siege Tank  
  147  9:23  SCV x3, Barracks  
  150  9:24  Barracks  
  150  9:25  Barracks  
  150  9:26  Planetary Fortress  
  150  9:32  Missile Turret  
  150  9:34  Siege Tank  
  150  9:37  Ghost x2  
  151  9:47  Missile Turret  
  151  9:48  Siege Tank  
  154  9:58  Liberator x2  
  154  9:59  Marine x6  
  156  10:05  Ghost x2  
  160  10:10  Missile Turret  
  160  10:11  Missile Turret  
  160  10:14  Siege Tank  
  163  10:17  Marine  
  164  10:24  Command Center  
  164  10:26  Siege Tank  
  168  10:28  SCV x3  
  168  10:29  SCV  
  168  10:32  Barracks Tech Lab x3  
  168  10:34  Terran Infantry Weapons Level 3, Ghost x2  
  175  10:45  Concussive Shells  
  175  10:48  Terran Infantry Armor Level 3  
  175  10:54  Command Center  
  175  11:01  Ghost x2  
  175  11:03  Terran Vehicle Weapons Level 2  
  179  11:08  Missile Turret  
  179  11:09  Missile Turret  
  179  11:12  Sensor Tower  
  179  11:16  Ghost  
  181  11:20  Siege Tank  
  184  11:29  Siege Tank  
  184  11:31  Ghost  
  189  11:38  Command Center  
  189  11:45  Ghost x2  
  187  11:53  Siege Tank  
  190  11:55  Command Center  
  190  11:57  Liberator  
  190  11:59  Missile Turret  
  193  12:12  Starport, Missile Turret, Orbital Command  
  193  12:13  Starport  
  193  12:15  Refinery  
  193  12:17  Siege Tank  
  193  12:19  Sensor Tower  
  193  12:22  Planetary Fortress  
  194  12:30  Siege Tank  
  192  12:37  SCV x2  
  192  12:42  Liberator x2  
  198  12:47  SCV x2  
  198  12:48  SCV  
  197  12:53  Sensor Tower, Command Center  
  197  12:55  Command Center  
  197  12:56  Missile Turret  
  197  12:57  Sensor Tower  
  197  12:59  Siege Tank  
  193  13:05  Siege Tank  
  193  13:08  Viking x2  
  200  13:22  Hi-Sec Auto Tracking  
  200  13:23  Terran Vehicle Weapons Level 3  
  200  13:25  Neosteel Armor  
  200  13:32  Command Center  
  200  13:33  Orbital Command  
  194  13:50  Starport Reactor, Personal Cloaking  
  194  13:51  Fusion Core  
  194  13:58  Starport Reactor  
  194  14:00  Missile Turret  
  194  14:03  Missile Turret x2  
  194  14:04  Missile Turret  
  194  14:41  Planetary Fortress  
  191  14:49  Planetary Fortress  
  191  14:55  Liberator x2  
  191  14:56  Advanced Ballistics  
  197  15:00  Refinery  
  197  15:01  Sensor Tower, Refinery  
  196  15:16  Nuke  
  196  15:17  Factory  
  196  15:19  Orbital Command  
  196  15:21  Command Center  
  192  15:26  Liberator x2  
  198  15:34  Missile Turret  
  183  15:43  Siege Tank x2  
  183  15:44  Liberator  
  192  15:52  Viking  
  192  15:55  Sensor Tower  
  192  15:56  Ghost x3  
  200  16:03  Factory Reactor  
  200  16:06  Infernal Pre-Igniter  
  200  16:22  Command Center  
  200  16:33  Caduceus Reactor  
  200  16:35  Armory, Terran Vehicle And Ship Armor Level 1  
  200  16:52  Orbital Command  
  200  17:12  Marine x2  
  200  17:13  Marauder  
  200  17:16  Marine  
  200  17:21  Marauder, Marine  
  198  17:25  Drilling Claws  
  198  17:28  Marine  
  198  17:29  Marauder, Marine  
  199  17:55  Missile Turret  
  199  17:56  Orbital Command  
  196  17:59  Missile Turret  
  196  18:04  Nuke  
  193  18:38  Viking x3  
  199  18:54  Terran Ship Weapons Level 1, Terran Vehicle And Ship Armor Level 2  
  197  19:50  Viking x3  
  200  19:56  Refinery  
  200  20:00  Sensor Tower, Refinery  
  200  20:01  Missile Turret  
  196  20:15  Orbital Command  
  192  20:22  Viking x2  
  192  20:23  Viking x3  
  192  20:25  Viking  
  195  20:48  Hellbat  
  197  20:52  Viking  
  196  21:05  Orbital Command  
  196  21:09  Ghost x2  
  188  21:20  Siege Tank x2  
  188  21:21  Liberator  
  188  21:22  Liberator  
  190  21:49  Ghost x5  
  190  21:51  Viking x2  
  190  21:53  Liberator  
  190  21:54  Liberator  
  194  21:58  Hellbat  
  194  21:59  Hellbat x2  
  200  22:13  Orbital Command  
  200  22:17  Nuke  
  199  22:26  Missile Turret x2  
  199  22:29  Ghost  
  199  22:32  Terran Ship Weapons Level 2, Terran Vehicle And Ship Armor Level 3  
  196  22:43  Ghost x4  
  189  22:57  Ghost  
  191  23:00  Refinery  
  191  23:05  Refinery  
  191  23:09  Hellbat x2  
  191  23:11  Ghost x2  
  199  23:22  Sensor Tower, Missile Turret  
  199  23:24  Missile Turret x2  
  199  23:25  Missile Turret  
  199  23:29  Marine  
  200  23:36  Command Center  
  200  23:38  Siege Tank  
  200  23:43  Missile Turret  
  200  24:30  Missile Turret  
  200  24:31  Missile Turret  
  200  24:34  Orbital Command  
  196  24:41  Siege Tank  
  199  24:51  Nuke  
  197  25:05  Marine  
  200  25:17  Command Center  
  200  25:19  Viking x2  
  199  25:25  Terran Ship Weapons Level 3  
  199  25:31  Planetary Fortress  
  199  25:44  Orbital Command  
  199  25:49  Viking  
  198  25:57  Viking  
  194  26:04  Viking x2  
  190  26:18  Missile Turret  
  186  26:27  Viking x3  
  186  26:28  Viking  
  193  26:34  Viking  
  195  26:40  Starport  
  195  26:41  Starport  
  195  26:55  Command Center  
  195  26:56  Command Center  
  195  26:57  Sensor Tower, Missile Turret  
  195  27:01  Missile Turret  
  192  27:04  Viking x4  
  198  27:16  Viking  
  193  27:24  Viking x2  
  193  27:25  Viking  
  198  27:35  Viking  
  186  27:47  Ghost x2  
  186  27:48  Ghost x3  
  176  27:54  Viking x2  
  176  27:56  Viking x2  
  184  28:01  Starport Reactor  
  184  28:12  Siege Tank x2  
  190  28:13  Hellbat x2, Command Center x2  
  190  28:16  Ghost x3  
  197  28:20  Liberator  
  197  28:26  Refinery  
  200  28:27  Refinery  
  200  28:34  Nuke  
  200  28:37  Starport Reactor  
  195  28:48  Viking x2  
  199  29:01  Orbital Command x2  
  197  29:36  Ghost x2, Viking x2  
  197  29:37  Ghost  
  165  29:41  Ghost  
  165  29:42  Ghost  
  151  29:55  Hellbat x4  
  151  29:58  Medivac x2  
  161  30:05  Ghost x3  
  167  30:10  Ghost  
  167  30:11  Planetary Fortress, Orbital Command  
  176  30:22  Liberator  
  176  30:23  Liberator, Viking x2  
  176  30:24  Marine  
  176  30:26  Marine x3  
  176  30:27  Marauder, Marine  
  176  30:28  Marine  
  188  30:30  Medivac  
  188  30:34  Marauder, Marine, Viking x3  
  199  30:38  Viking  
  199  30:40  Ghost x2  
  199  30:42  Marine  
  196  31:26  Viking  
  196  31:27  Viking  
Tags
 
Add a new tag
Caveats
  • Supply blocks, unpowered buildings, or Contaminate may cause inaccurate times.
  • Supply counts are checked every 10 seconds.